 Dungeon Crawl Stone Soup version 0.29.1 (webtiles) character file.

Game seed: 13998965192498873880

242 hawla the Conjurer (level 5, -2/38 HPs)
             Began as a Draconian Conjurer on Sept 12, 2022.
             Killed by nerve-wracking pain
             ... invoked by Grinder
              (3 damage)
             ... on level 4 of the Dungeon.
             The game lasted 00:11:57 (4731 turns).

hawla the Conjurer (Draconian Conjurer)             Turns: 4731, Time: 00:11:58

Health: -2/38      AC:  5    Str:  9    XL:     5   Next: 82%
Magic:  0/9        EV: 12    Int: 20    God:
Gold:   174        SH:  4    Dex: 10    Spells: 2/9 levels left

rFire   . . .      SeeInvis .   e - +1 hand axe (venom)
rCold   . . .      Faith    .   (no shield)
rNeg    . . .      Spirit   .   (body armour unavailable)
rPois   .          Reflect  .   (helmet restricted)
rElec   .          Harm     .   (no cloak)
rCorr   .          Rampage  .   (no gloves)
Will    .....                   (no boots)
Stlth   ++........              (no amulet)
HPRegen 0.12/turn               (no ring)
MPRegen 0.11/turn               (no ring)

@: very slightly contaminated
A: AC +5, unfitting armour, cold-blooded, large bone plates 1
a: no special abilities


You were on level 4 of the Dungeon.
You visited 2 branches of the dungeon, and saw 5 of its levels.

You collected 174 gold pieces.

Inventory:

Hand Weapons
 e - a +1 hand axe of venom (weapon)
Wands
 d - a wand of polymorph (10)
 l - a wand of light (11) (quivered)
Scrolls
 g - 2 scrolls of magic mapping
Potions
 c - 2 potions of attraction {unknown}
 h - 3 potions of brilliance {unknown}
 i - a potion of might {unknown}
 j - a potion of haste {unknown}
 k - a potion of berserk rage {unknown}


   Skills:
 - Level 2.2 Dodging
 - Level 1.8 Stealth
 - Level 2.6 Spellcasting
 * Level 6.3 Conjurations
 * Level 1.5 Translocations


You had 2 spell levels left.
You knew the following spells:

 Your Spells              Type           Power      Damage    Failure   Level
a - Magic Dart            Conj           100%       1d8       1%          1
b - Searing Ray           Conj           56%        2d6       1%          2
c - Iskenderun's Mystic   Conj/Tloc      18%        2d6       28%         4

Your spell library contained the following spells:

 Spells                   Type           Power      Damage    Failure   Level
 Freeze                   Ice            8%         1d3       14%         1
 Sting                    Tmut/Pois      8%         1d3       14%         1
 Ensorcelled Hibernation  Hex/Ice        4%         N/A       22%         2
 Conjure Flame            Conj/Fire      15%        6-21      12%         3
 Dazzling Flash           Conj/Hex       30%        N/A       12%         3
 Mephitic Cloud           Conj/Pois/Air  11%        N/A       19%         3
 Fulminant Prism          Conj/Hex       7%         3d7       36%         4
 Sticky Flame             Conj/Fire      15%        2d4       36%         4
 Ignite Poison            Fire/Tmut/Pois 2%         N/A       41%         3
 Petrify                  Tmut/Erth      2%         N/A       82%         4
 Metabolic Englaciation   Hex/Ice        1%         N/A       99%         5
 Statue Form              Tmut/Erth      1%         N/A       100%        6


Dungeon Overview and Level Annotations

Branches:
Dungeon (4/15)             Temple (1/1) D:4

Altars:
Cheibriados
Dithmenos
Elyvilon
Fedhas
Gozag
Hepliaklqana
Kikubaaqudgha
Nemelex Xobeh
Okawaru
Qazlal
Ru
Sif Muna
Trog
Uskayaw
Wu Jian
Yredelemnul
The Shining One

Shops:
D:4 :

Annotations:
D:4 Grinder, Robin


Innate Abilities, Weirdness & Mutations

Your plain brown scales are hard. (AC +5)
You cannot fit into any form of body armour.
You are cold-blooded and may be slowed by cold attacks.
You are partially covered in large bone plates. (SH +4)


Message History

You hit the goblin but do no damage.
The goblin is poisoned.
You hit the goblin.
You kill the goblin!
The goblin hits you but does no damage. Grinder gestures at you.
You resist with significant effort. The goblin hits you with a +0 club.
A hobgoblin comes into view.
Robin throws the goblin at you!
You hit Grinder.
Grinder is moderately wounded.
You closely miss the goblin. Grinder gestures at you.
You suddenly lose the ability to move!
The goblin hits you with a +0 club.
* * * LOW HITPOINT WARNING * * *
A hobgoblin comes into view.
Robin says, "My goblins will feast on your bones."
You kill the goblin!
Grinder drinks a potion.
Grinder is healed!
Grinder looks more healthy.
Robin hits you but does no damage.
You can move again.
Casting: Magic Dart (safe; 1% risk of failure)
Confirm with . or Enter, or press ? or * to list all spells.
Aiming: Magic Dart (safe; 1% risk of failure)
Press: ? - help, Shift-Dir - straight line, f - Grinder
Aim: Grinder (moderately wounded, 100% to hit)
The magic dart hits Grinder.
Grinder is moderately wounded.
Grinder misses you. Robin hits you but does no damage.
Unknown command.
You hit Grinder but do no damage.
Grinder is moderately wounded.
You barely miss Robin. You hit the hobgoblin.
The hobgoblin is poisoned.
You kill the hobgoblin!
Grinder gestures at you. Pain shoots through your body!
* * * LOW HITPOINT WARNING * * *
Robin hits you but does no damage. Grinder gestures at you.
Pain shoots through your body!
You die...

# # #......##.##.
##.#....##.#.######
.....## #.#.#
#.....###.#.## ..#
#..#..#..# #.
###'###..)).##.# ##.
#.....#...))##.#####
#..##.⌠)⌠.#...).....#...
.(..'.5@).+....###..#...
##..#.⌠g).#....####.....
#$.#..g..#........#....
#.†###'###....###......
#.....gg####### ####...
#...#...# #...
#...###....# #... #...#
...... #... #####
#...>.g ####


You could see Grinder, Robin, 2 hobgoblins and a goblin (strong).

Vanquished Creatures
  3 orc wizards (D:4)
  An iguana (D:2)
  An adder (D:3)
  A worm (D:3)
  18 orcs
  7 bats
  6 endoplasms
  8 giant cockroaches
  14 goblins
  14 hobgoblins
  2 jackals (D:4)
  8 kobolds
  2 quokkas
  9 ball pythons
  A frilled lizard (D:1)
  8 rats
103 creatures vanquished.

Notes
Turn   | Place    | Note
-------+----------+-------------------------------------------
     0 | D:1      | hawla the Draconian Conjurer began the quest for the Orb.
     0 | D:1      | Reached XP level 1. HP: 14/14 MP: 3/3
   250 | D:1      | Reached XP level 2. HP: 20/20 MP: 0/5
   265 | D:1      | Learned a level 2 spell: Searing Ray
   997 | D:1      | Reached XP level 3. HP: 26/26 MP: 2/6
  1681 | D:2      | Found a faded altar of an unknown god.
  1990 | D:2      | Reached skill level 5 in Conjurations
  2580 | D:3      | Reached XP level 4. HP: 33/33 MP: 1/8
  2585 | D:3      | Learned a level 4 spell: Iskenderun's Mystic Blast
  3880 | D:4      | Reached skill level 1 in Translocations
  3880 | D:4      | Reached XP level 5. HP: 17/38 MP: 1/9
  3881 | D:4      | Reached skill level 6 in Conjurations
  4085 | D:4      | Got the Discursus on the Chilling Assassin
  4167 | D:4      | Noticed Grinder
  4188 | D:4      | Found Zuplapp's Tremendous Tomes.
  4473 | D:4      | Found a staircase to the Ecumenical Temple.
  4481 | Temple   | Entered the Ecumenical Temple
  4721 | D:4      | Noticed Robin
  4726 | D:4      | Gained mutation: You are partially covered in large bone
                  | plates. (SH +4) [potion of mutation]
  4728 | D:4      | Paralysed by Grinder for 2 turns
  4731 | D:4      | HP: 1/38 [Grinder/nerve-wracking pain (9)]
  4731 | D:4      | Killed from afar by Grinder

Illustrated notes

Levels and vault maps discovered:
D:1:      scummos_arrival_gate, layout_basic
D:2:      layout_loops_cross, shapermc_ecumenical_altar_venn,
          corexii_hall_statues_u, minmay_worlds_worst_comb
D:3:      layout_basic
D:4:      layout_rooms, minmay_temple_entry_hall, minivault_5, st_stairs_7,
          nicolae_shop_i_like_big_books, uniq_robin, uniq_grinder
Temple:   nicolae_temple_bog_church

Skill      XL: |  1  2  3  4  5 |
---------------+----------------+-----
Dodging        | 2 |  2.2
Conjurations   | 5 6 |  6.3
Translocations | 1 |  1.5
Stealth        | |  1.8
Spellcasting   | |  2.6

Action                   |  1- 3 |  4- 6 || total
-------------------------+-------+-------++-------
Melee: Unarmed           |    37 |    12 ||    49
       Tailslap          |     2 |     8 ||    10
       Punch             |     1 |     1 ||     2
       Hand axe          |       |    41 ||    41
 Cast: Magic Dart        |    39 |    16 ||    55
       Searing Ray       |    28 |    13 ||    41
       Iskenderun's Myst |       |     4 ||     4
  Use: Scroll            |     8 |     3 ||    11
       Potion            |       |     5 ||     5
Armor: Skin              |    17 |    33 ||    50
Dodge: Dodged            |    29 |    55 ||    84
